 Dungeon Crawl Stone Soup version 0.29-a0-982-gaed3a0c8d8 (webtiles) character file.

Game seed: 16544743049397209938

38387 kae the Destroyer (level 14, 0/90 HPs)
             Began as a Tengu Fire Elementalist on July 29, 2022.
             Was an Elder of Vehumet.
             Slain by Erica
             ... wielding a +0 scimitar of flaming
              (3 damage)
             ... while paralysed by Erica
             ... on level 2 of the Lair of Beasts on Aug 1, 2022.
             The game lasted 00:23:09 (18284 turns).

kae the Destroyer (Tengu Fire Elementalist)        Turns: 18284, Time: 00:23:09

Health: 0/90       AC: 15    Str:  8    XL:     14   Next: 1%
Magic:  22/26      EV: -1    Int: 21    God:    Vehumet [****..]
Gold:   752        SH:  0    Dex: 17    Spells: 15/28 levels left

rFire   . . .      SeeInvis .   i - +3 spear
rCold   . . .      Faith    .   u - +0 buckler
rNeg    + . .      Spirit   .   p - +4 ring mail "Huogon" {rCorr Dex+2}
rPois   .          Reflect  .   (helmet restricted)
rElec   .          Harm     .   k - +1 cloak
rCorr   +          Rampage  .   s - +0 pair of gloves
Will    +....                   (boots unavailable)
Stlth   +.........              A - amulet of the acrobat
HPRegen 0.25/turn               R - ring of resist corrosion
MPRegen 0.20/turn               t - ring of the Octopus King {rN+ HP+2 AC+2 EV+2 SH+2}

@: paralysed, flying quickly and evasively, constricted, invisible, quick
A: beak, talons 3, nimble flight
a: Renounce Religion


You were on level 2 of the Lair of Beasts.
You worshipped Vehumet.
Vehumet was greatly pleased with you.
You visited 4 branches of the dungeon, and saw 15 of its levels.
You also visited: Bailey.

You collected 824 gold pieces.
You spent 72 gold pieces at shops.


Innate Abilities, Weirdness & Mutations

You have a beak for a mouth.
You have claws for feet.
Your magical nature lets you fly swiftly and evasively.


   Skills:
 + Level 10.9 Fighting
 - Level 4.0 Armour
 + Level 8.3 Dodging
 - Level 2.0 Stealth
 - Level 3.0 Shields
 + Level 7.7 Spellcasting
 * Level 14.6 Conjurations
 * Level 12.8 Fire Magic


You had 15 spell levels left.
You knew the following spells:

 Your Spells              Type           Power      Damage    Failure   Level
a - Foxfire               Conj/Fire      100%       2x1d9     1%          1
b - Scorch                Fire           100%       2d10      1%          2
c - Conjure Flame         Conj/Fire      60%        6-21      1%          3
d - Inner Flame           Hex/Fire       34%        N/A       1%          3
e - Flame Wave            Conj/Fire      60%        2d14      1%          4

Your spell library contained the following spells:

 Spells                   Type           Power      Damage    Failure   Level
 Freezing Cloud           Conj/Ice/Air   14%        6-21      28%         5
 Shock                    Conj/Air       100%       1d9       1%          1
 Stone Arrow              Conj/Erth      76%        3d11      1%          3
 Sandblast                Erth           16%        2d6       9%          1
 Necrotise                Necr           32%        1d5       30%         1
 Ensorcelled Hibernation  Hex/Ice        16%        N/A       43%         2
 Conjure Ball Lightning   Conj/Air       19%        3x3d6     50%         6
 Gell's Gravitas          Tloc           8%         N/A       67%         3
 Lesser Beckoning         Tloc           8%         N/A       67%         3
 Ozocubu's Armour         Ice            8%         N/A       67%         3
 Spider Form              Tmut/Pois      8%         N/A       67%         3
 Teleport Other           Tloc           8%         N/A       67%         3
 Vampiric Draining        Necr           8%         2d6       67%         3
 Anguish                  Hex/Necr       4%         N/A       97%         4
 Animate Armour           Summ/Erth      16%        N/A       97%         4
 Summon Lightning Spire   Summ/Air       8%         N/A       97%         4
 Agony                    Necr           8%         N/A       100%        5
 Summon Forest            Summ/Tloc      4%         N/A       100%        5
 Summon Mana Viper        Hex/Summ       8%         N/A       100%        5
 Summon Cactus Giant      Summ           4%         N/A       100%        6
 Ozocubu's Refrigeration  Ice            4%         4d8       100%        7
 Lehudib's Crystal Spear  Conj/Erth      19%        10d6      100%        8

Inventory:

Hand Weapons
 i - a +3 spear (weapon)
   (You found it on level 1 of the Dungeon)
Missiles
 j - 81 stones
 m - 27 boomerangs
 n - 10 poisoned darts
 y - 3 boomerangs of dispersal {=f!f}
Armour
 a - a +0 robe
 k - a +1 cloak (worn)
   (You found it on level 1 of the Dungeon)
 p - the +4 ring mail "Huogon" (worn) {rCorr Dex+2}
   (You found it on level 7 of the Dungeon)

   Dex:       It affects your dexterity (+2).
   rCorr:     It protects you from acid and corrosion.
 s - a +0 pair of gloves (worn)
   (You found it on level 7 of the Dungeon)
 u - a +0 buckler (worn)
   (You found it on level 7 of the Dungeon)
Magical Staves
 q - a staff of earth {!a}
   (You found it on level 3 of the Dungeon)
 U - a staff of poison {!a}
   (You found it on level 2 of the Lair of Beasts)
Jewellery
 t - a ring of the Octopus King (right hand) {rN+ HP+2 AC+2 EV+2 SH+2}
   (You found it on level 5 of the Dungeon)

   [ring of positive energy]

   AC:        It affects your AC (+2).
   EV:        It affects your evasion (+2).
   rN:        It protects you from negative energy.
   HP:        It affects your health (+2).
   SH:        It affects your SH (+2).
 A - an amulet of the acrobat (around neck)
   (You found it on level 4 of the Dungeon)
 F - a ring of protection from fire
   (You found it on level 7 of the Dungeon)
 R - a ring of resist corrosion (left hand)
   (You found it on level 4 of the Dungeon)
Wands
 h - a wand of paralysis (11)
   (You found it on level 5 of the Dungeon)
 o - a wand of flame (18)
   (You found it on level 3 of the Dungeon)
 w - a wand of iceblast (10)
   (You found it on level 7 of the Dungeon)
 E - a wand of light (12)
   (You took it off an orc on level 8 of the Dungeon)
 S - a wand of polymorph (5)
   (You found it on level 1 of the Lair of Beasts)
Scrolls
 e - 11 scrolls of teleportation {@r4}
 l - a scroll of vulnerability {!r!r}
 v - 3 scrolls of butterflies
 D - 3 scrolls of identify {@r1}
 G - 2 scrolls of fear
 M - a scroll of summoning
 O - a scroll of magic mapping {!r}
 P - a scroll of poison {!r}
 Q - a scroll of blinking {!r}
 T - a scroll of enchant weapon
Potions
 b - 2 potions of attraction {!q}
 c - a potion of brilliance
 d - 2 potions of degeneration {!q}
 f - 2 potions of lignification {!q}
 g - a potion of flight
 r - 2 potions of heal wounds {@q2}
 x - 2 potions of mutation {!q}
 z - 5 potions of haste {@q3}
 C - 4 potions of might
 H - 2 potions of magic
 L - 2 potions of ambrosia
 N - a potion of berserk rage {!q}
Miscellaneous
 J - a tin of tremorstones (2/2)
   (You found it in a bailey)

Dungeon Overview and Level Annotations

Branches:
Dungeon (11/15) Zot: 23586  Temple (1/1) D:4 Zot: 5929    Lair (2/5) D:11 Zot: 10210
 Shoals (0/4) Lair:2          Orc (1/2) D:9 Zot: 5998  Bailey (visited)
  Snake: Lair:2-3    Spider: Lair:2-3

Altars:
Ashenzari
Cheibriados
Dithmenos
Elyvilon
Fedhas
Gozag
Hepliaklqana
Kikubaaqudgha
Makhleb
Nemelex Xobeh
Okawaru
Qazlal
Ru
Sif Muna
Trog
Uskayaw
Vehumet
Wu Jian
Xom
Yredelemnul
Zin
The Shining One

Shops:
D:7 ?   D:8 [   D:9 [   D:10 *   D:11 *

Annotations:
Lair:2 Erica
Orc:1 Jorgrun

####.##P#.## ###..
............ ......
.........##### #.....#
####.....#.#.##+#......#
####......#......#......
..#...............#....#
.........#......Y#Y.....
.........##....@YN#..<..
.........#...[YF@## #...
..##.....##.#N#### ..
###.......##.## .
P#...........
..........>...
..............
...<...........
............
##.##.......


You could see Erica (unable to see you), 4 yaks, 2 nagas and a bullfrog (unable
to see you).


Message History

Unknown command.
Unknown command.
The yak closely misses you.
Unknown command.
Unknown command.
The yak completely misses you. x2 😮 HP[+1] Unknown command.
Unknown command.
You hit the yak but do no damage. You claw the yak.
You peck the yak, but do no damage. The naga misses you. x2
The yak gores you but does no damage.
Unknown command.
Unknown command.
Unknown command.
The naga hits you with a +0 flail!
* * * LOW HITPOINT WARNING * * *
The naga grabs you. The naga constricts you.
* * * LOW HITPOINT WARNING * * *
The yak gores you.
* * * LOW HITPOINT WARNING * * *
😨 HP[-20]
You take 20 damage, and now have 28/80 hp.
MASSIVE DAMAGE!! (PAUSE) Unknown command.
Unknown command.
You feel much better. The naga spits poison at you.
The splash of poison hits you but does no damage.
You are poisoned.
The naga constricts you. The yak gores you! 😮 HP[+14] MP[+1]
You regained 14 hp, and now have 42/80 hp.
Really quaff
b - 2 potions of attraction {!q}?
Okay, then.
You fade into invisibility!
You feel less confused.
You feel sick. The naga spits poison at you. The splash of poison hits you.
You are more poisoned.
* * * LOW HITPOINT WARNING * * *
The naga constricts you.
* * * LOW HITPOINT WARNING * * *
The yak misses you. The yak closely misses you. Erica casts a spell at you.
You are confused. 😨 HP[-9]
You take 9 damage, and now have 33/80 hp.
Unknown command.
You feel more experienced!
Your Fighting skill gained 2 levels and is now at level 10!
You have reached level 14!
You feel sick. The naga hits you but does no damage. The naga constricts you.
The yak misses you. Erica closely misses you. 😨 HP[+2]
You now have 90 max hp (+10).
You regained 2 hp, and now have 35/90 hp.
Unknown command.
Unknown command.
Unknown command.
You feel better. You block the naga's attack. The naga constricts you.
* * * LOW HITPOINT WARNING * * *
You block Erica's attack. 😨 HP[+8]
You regained 8 hp, and now have 43/90 hp.
Casting: Flame Wave (safe; 1% risk of failure)
Confirm with . or Enter, or press ? or * to list all spells.
Flames lash the yak.
You kill the yak!
Vehumet accepts your kill.
You feel your power returning.
You hear a howl!
A bullfrog comes into view.
The naga closely misses you. The naga constricts you.
Erica zaps a wand.
You suddenly lose the ability to move!
You hear a howl! x2
You hear a shout!
You hear a howl!
A naga comes into view. It is wielding a +0 scimitar.
The naga hits you with a +0 flail!
* * * LOW HITPOINT WARNING * * *
The naga constricts you.
* * * LOW HITPOINT WARNING * * *
The yak gores you but does no damage.
Erica hits you with a +0 scimitar of flaming!
* * * LOW HITPOINT WARNING * * *
Erica burns you.
* * * LOW HITPOINT WARNING * * *
You hear a howl!
The bullfrog hits you.
* * * LOW HITPOINT WARNING * * *
The naga hits you with a +0 flail!
* * * LOW HITPOINT WARNING * * *
The naga constricts you.
* * * LOW HITPOINT WARNING * * *
The yak gores you!
* * * LOW HITPOINT WARNING * * *
Erica hits you with a +0 scimitar of flaming.
You die...

Skill      XL: |  1  2  3  4  5  6  7  8  9 10 11 12 13 |
---------------+----------------------------------------+-----
Conjurations   | 2 4 5 6 8 9 11 13 14 | 14.6
Fighting       | 1 2 3 4 5 7 8 10 | 10.9
Fire Magic     | 4 5 6 7 8 9 11 12 | 12.8
Spellcasting   | 3 4 5 6 7 |  7.7
Dodging        | 3 4 5 7 8 |  8.3
Armour         | 4 |  4.0
Shields        | 3 |  3.0
Stealth        | |  2.0

Action                   |  1- 3 |  4- 6 |  7- 9 | 10-12 | 13-15 || total
-------------------------+-------+-------+-------+-------+-------++-------
Melee: Spear             |     6 |     3 |    45 |    71 |     1 ||   126
       Kick              |     1 |       |     7 |    21 |     1 ||    30
       Peck              |       |     1 |     5 |    21 |     1 ||    28
 Cast: Foxfire           |    68 |    47 |   153 |   267 |       ||   535
       Scorch            |     2 |    12 |    53 |   138 |     1 ||   206
       Conjure Flame     |       |     1 |     1 |    23 |       ||    25
       Flame Wave        |       |       |     7 |    21 |       ||    28
       Inner Flame       |       |       |       |    10 |       ||    10
  Use: Scroll            |     3 |     6 |    11 |     9 |       ||    29
       Potion            |       |     2 |     7 |       |     4 ||    13
Armor: Robe              |     5 |     9 |    19 |       |       ||    33
       Skin              |       |       |    44 |       |       ||    44
       Ring mail         |       |       |    15 |    66 |     6 ||    87
Dodge: Dodged            |    14 |    18 |   158 |   271 |    13 ||   474
Block: Other             |       |       |    15 |       |       ||    15
       Buckler           |       |       |    26 |   113 |     2 ||   141

Levels and vault maps discovered:
D:1:      minmay_arrival_nine_rooms, layout_loops_corners,
          shapermc_ecumenical_altar_rom_forum
D:2:      layout_basic, basic_altar, minmay_pentomino_u2
D:3:      layout_basic, mainiacjoe_overflow_tiny_flanked,
          minmay_misc_feat_pillars, st_stairs_10, uniq_grinder
D:4:      layout_rooms, general_overflow_altar,
          minmay_temple_entry_stoned_glass, uniq_sigmund
D:5:      layout_cave_pools, serial_park_tiny_1
D:6:      layout_basic, mainiacjoe_overflow_cross_hatched,
          nicolae_yredelemnul_corpse_copse, uniq_blork_the_orc
D:7:      layout_gridville, mainiacjoe_overflow_chevrons, nicolae_stop_n_shop_2,
          minivault_1, chequers_serial_rivers_micro_d
D:8:      layout_gridville, kennysheep_mini_moat, serial_shops,
          nicolae_shop_competitors_out_of_business
D:9:      layout_basic, bloody_trog, mainiacjoe_overflow_alcove_4, orc_david_3,
          minmay_tree_intersection
D:10:     layout_basic, zin_purify, dancing_weapons_uskayaw,
          nicolae_qazlal_scattered_showers, mainiacjoe_overflow_brackets,
          enter_bailey_5, serial_shops, nicolae_shop_advertising_works
          [nicolae_subvault_shop_adworks]
D:11:     layout_rooms, dpeg_lair_monsters, serial_shops, shop
Temple:   eino_wide_crystal_templ
Lair:1:   layout_gridlike, nicolae_quartered_pool_impasse,
          chequers_serial_rivers_small_b, chequers_serial_rivers_micro_b,
          grunt_forest_small_clearings, uniq_amaemon
Lair:2:   layout_regular_city, minmay_shoals_entry_centaurs,
          minmay_snake_entry_guardpost_small, uniq_erica
Orc:1:    layout_caves, serial_shops, nicolae_shop_crystal,
          gammafunk_ghost_abyssal_escape, uniq_jorgrun

Notes
Turn   | Place    | Note
-------+----------+-------------------------------------------
     0 | D:1      | kae the Tengu Fire Elementalist began the quest for the
                  | Orb.
     0 | D:1      | Reached XP level 1. HP: 10/10 MP: 4/4
     0 | D:1      | magus.rc [v1.11.3]
   256 | D:1      | Reached XP level 2. HP: 15/15 MP: 4/6
   363 | D:1      | Learned a level 2 spell: Scorch
   486 | D:1      | Reached skill level 2 in Conjurations
   640 | D:1      | Found a faded altar of an unknown god.
   645 | D:1      | Got Plato's Compilation of the Ground
   892 | D:1      | Reached XP level 3. HP: 20/20 MP: 1/7
   896 | D:1      | Learned a level 3 spell: Conjure Flame
  1357 | D:2      | You pick up a book of Dreams and begin reading...
  1357 | D:2      | You add the spells Ensorcelled Hibernation, Spider Form and
                  | Anguish to your library.
  1359 | D:2      | You pick up a book of Necromancy and begin reading...
  1359 | D:2      | You add the spells Necrotise, Vampiric Draining and Agony
                  | to your library.
  1402 | D:2      | Reached skill level 1 in Fighting
  1529 | D:2      | Reached skill level 4 in Fire Magic
  1716 | D:2      | You fall into a shaft and drop 1 floor!
  1731 | D:3      | Reached XP level 4. HP: 25/25 MP: 3/8
  1759 | D:3      | Reached skill level 3 in Conjurations
  2059 | D:3      | You add the spells Shock, Summon Lightning Spire and
                  | Conjure Ball Lightning to your library.
  2059 | D:3      | Got the Vellum of Air
  2136 | D:3      | Found a hazy altar of Hepliaklqana.
  2136 | D:3      | Noticed a black bear
  2161 | D:3      | HP: 1/25 [black bear (11)]
  2162 | D:3      | Killed a black bear
  2163 | D:3      | Reached skill level 4 in Conjurations
  2163 | D:3      | Gained mutation: Your magical nature lets you fly swiftly
                  | and evasively. [Tengu growth]
  2163 | D:3      | Reached XP level 5. HP: 2/30 MP: 6/10
  2835 | D:3      | Noticed Grinder
  2846 | D:3      | Paralysed by Grinder for 4 turns
  2847 | D:3      | Killed Grinder
  2848 | D:3      | Reached skill level 2 in Fighting
  2848 | D:3      | Reached skill level 3 in Spellcasting
  2848 | D:3      | Reached skill level 5 in Conjurations
  2848 | D:3      | Reached skill level 5 in Fire Magic
  2848 | D:3      | Reached XP level 6. HP: 16/36 MP: 4/11
  3627 | D:4      | Noticed Sigmund
  3634 | D:4      | Killed Sigmund
  3635 | D:4      | Reached XP level 7. HP: 40/40 MP: 6/13
  3724 | D:4      | Learned a level 3 spell: Inner Flame
  3995 | D:4      | Found a shadowy altar of Dithmenos.
  4301 | D:4      | Found a staircase to the Ecumenical Temple.
  4440 | Temple   | Entered the Ecumenical Temple
  4502 | Temple   | Became a worshipper of Vehumet
  4527 | D:4      | Learned a level 4 spell: Flame Wave
  4560 | D:5      | Entered Level 5 of the Dungeon
  4566 | D:5      | You pick up a book of the Wilderness and begin reading...
  4566 | D:5      | You add the spells Summon Forest, Summon Mana Viper and
                  | Summon Cactus Giant to your library.
  4582 | D:5      | Reached skill level 6 in Conjurations
  4683 | D:5      | Reached skill level 3 in Fighting
  4683 | D:5      | Reached skill level 6 in Fire Magic
  4748 | D:5      | Found the ring of the Octopus King
  4756 | D:5      | Identified a ring of the Octopus King {rN+ HP+2 AC+2 EV+2
                  | SH+2}
  5173 | D:6      | Reached XP level 8. HP: 46/46 MP: 5/14
  5197 | D:6      | HP: 16/64 [wight/+1 hand axe of freezing (1)]
  5200 | D:6      | HP: 5/64 [wight/+0 flail (7)]
  5206 | D:6      | Reached skill level 4 in Spellcasting
  5206 | D:6      | Reached skill level 7 in Conjurations
  5208 | D:6      | HP: 12/70 [wight/+2 battleaxe (3)]
  5878 | D:6      | Found a snail-covered altar of Cheibriados.
  6105 | D:6      | Identified the +5 ring mail "Bacatun" {Str+3 Dex+2}
  6127 | D:6      | Reached skill level 3 in Dodging
  6128 | D:6      | Noticed Blork the orc
  6135 | D:6      | Killed Blork the orc
  6136 | D:6      | Reached skill level 7 in Fire Magic
  6214 | D:6      | You pick up a book of Armaments and begin reading...
  6214 | D:6      | You add the spells Stone Arrow, Animate Armour and
                  | Lehudib's Crystal Spear to your library.
  6418 | D:6      | Reached skill level 4 in Fighting
  6448 | D:6      | Reached * piety under Vehumet
  6448 | D:6      | Offered knowledge of Magic Dart by Vehumet.
  6489 | D:6      | Reached skill level 8 in Conjurations
  6686 | D:6      | Reached XP level 9. HP: 49/52 MP: 5/16
  6736 | D:6      | Found a basalt altar of Yredelemnul.
  6879 | D:6      | You add the spells Ozocubu's Armour and Ozocubu's
                  | Refrigeration to your library.
  7107 | D:7      | Identified the +4 ring mail "Huogon" {rCorr Dex+2}
  7283 | D:7      | Reached skill level 2 in Armour
  7388 | D:7      | Reached skill level 3 in Armour
  7582 | D:7      | Reached skill level 1 in Shields
  7656 | D:7      | Reached skill level 4 in Armour
  7682 | D:7      | Reached skill level 2 in Shields
  7821 | D:7      | Reached skill level 3 in Shields
  7821 | D:7      | Reached skill level 4 in Dodging
  7903 | D:7      | Reached skill level 8 in Fire Magic
  8013 | D:7      | Reached skill level 9 in Conjurations
  8062 | D:7      | Found Mowyst's Magic Scroll Boutique.
  8125 | D:7      | Bought a scroll of identify for 22 gold pieces
  8125 | D:7      | Bought a scroll of identify for 22 gold pieces
  8142 | D:7      | Found a shimmering altar of Xom.
  8363 | D:8      | magus.rc [v1.11.3]
  8523 | D:8      | Reached skill level 5 in Spellcasting
  8523 | D:8      | Reached XP level 10. HP: 57/58 MP: 7/18
  8619 | D:8      | Found Numior's Armour Emporium.
  8677 | D:8      | Found a blossoming altar of Fedhas.
  8713 | D:8      | Reached ** piety under Vehumet
  8725 | D:8      | Offered knowledge of Static Discharge by Vehumet.
  9238 | D:8      | Upgraded the game from 0.29-a0-925-g0a7a3d12f8 to
                  | 0.29-a0-982-gaed3a0c8d8
  9238 | D:8      | magus.rc [v1.11.3]
  9261 | D:8      | Reached skill level 5 in Fighting
  9903 | D:9      | magus.rc [v1.11.3]
  9917 | D:9      | Found a bloodstained altar of Trog.
 10078 | D:9      | Reached skill level 10 in Conjurations
 10168 | D:9      | Reached skill level 9 in Fire Magic
 10179 | D:9      | Reached skill level 5 in Dodging
 10365 | D:9      | Found an opulent altar of Gozag.
 10533 | D:9      | Found a staircase to the Orcish Mines.
 10535 | D:9      | Found Woeggugg's Armour Boutique.
 10837 | D:9      | Offered knowledge of Dazzling Flash by Vehumet.
 10983 | D:10     | Entered Level 10 of the Dungeon
 11018 | Orc:1    | Entered Level 1 of the Orcish Mines
 11018 | Orc:1    | Noticed Jorgrun
 11104 | D:10     | Found a flagged portal.
 11126 | Bailey   | Entered a bailey
 11131 | Bailey   | Noticed an orc warlord
 11153 | Bailey   | Reached *** piety under Vehumet
 11224 | Bailey   | Found a runed translucent gate.
 11224 | Bailey   | Found a runed translucent gate.
 11224 | Bailey   | Found a runed translucent gate.
 11672 | D:10     | Found Cuystraug's Magic Scroll Shop.
 11871 | D:10     | Found a sparkling altar of Nemelex Xobeh.
 11880 | D:10     | Offered knowledge of Sticky Flame by Vehumet.
 11883 | D:10     | Noticed a two-headed ogre
 11909 | D:10     | Killed a two-headed ogre
 11910 | D:10     | Reached skill level 11 in Conjurations
 11910 | D:10     | Reached XP level 11. HP: 54/64 MP: 12/20
 12036 | D:10     | Reached skill level 10 in Fire Magic
 12059 | D:10     | Reached skill level 6 in Fighting
 12059 | D:10     | Reached skill level 6 in Spellcasting
 12391 | D:10     | Reached skill level 6 in Dodging
 12442 | D:10     | Found Zin's Purification Station.
 12462 | D:10     | Found a glowing silver altar of Zin.
 12514 | D:10     | Noticed a +0 dagger
 12514 | D:10     | Noticed a +0 dagger
 12518 | D:10     | Found a hide-covered altar of Uskayaw.
 12532 | D:10     | Found a stormy altar of Qazlal.
 12557 | D:10     | You pick up a book of Displacement and begin reading...
 12557 | D:10     | You add the spells Lesser Beckoning, Gell's Gravitas and
                  | Teleport Other to your library.
 12782 | D:9      | magus.rc [v1.11.3]
 12896 | D:11     | Noticed a death yak
 12896 | D:11     | Noticed a death yak
 12896 | D:11     | Found a staircase to the Lair.
 12897 | D:11     | Noticed a death yak
 13001 | D:11     | Reached **** piety under Vehumet
 13123 | D:11     | Noticed a boulder beetle
 13269 | D:11     | Killed a boulder beetle
 13411 | D:11     | Noticed a death yak
 13411 | D:11     | Noticed a death yak
 13411 | D:11     | Noticed a death yak
 13547 | D:11     | HP: 7/66 [death yak (20)]
 13548 | D:11     | Killed a death yak
 13548 | D:11     | Offered knowledge of Freezing Cloud by Vehumet.
 13549 | D:11     | Reached skill level 12 in Conjurations
 14109 | D:10     | Killed a death yak
 14320 | D:11     | Noticed a green ugly thing
 14340 | D:11     | HP: 13/68 [something (9)]
 14610 | D:11     | Killed a green ugly thing
 14611 | D:11     | Reached skill level 11 in Fire Magic
 14846 | D:11     | Found Biddopas's Assorted Antiques.
 14855 | D:11     | Bought a fizzy amethyst potion for 28 gold pieces
 14990 | D:11     | Noticed a manticore
 15000 | D:11     | Killed a manticore
 15011 | D:11     | Noticed a boulder beetle
 15184 | D:11     | Killed a boulder beetle
 15185 | D:11     | Reached skill level 7 in Dodging
 15339 | D:11     | Noticed a two-headed ogre
 15359 | D:11     | Killed a two-headed ogre
 15360 | D:11     | Reached skill level 7 in Fighting
 15360 | D:11     | Reached skill level 13 in Conjurations
 15360 | D:11     | Reached XP level 12. HP: 72/72 MP: 13/23
 15580 | D:11     | Found a staircase to the Lair.
 15659 | D:11     | Killed a death yak
 15665 | D:11     | Killed a death yak
 15666 | D:11     | Reached skill level 7 in Spellcasting
 15673 | D:11     | Killed a death yak
 15707 | D:11     | Killed a death yak
 16001 | D:11     | magus.rc [v1.11.3]
 16123 | Lair:1   | Entered Level 1 of the Lair of Beasts
 16181 | Lair:1   | magus.rc [v1.11.3]
 16192 | D:11     | HP: 18/74 [poisoned by a black mamba]
 16197 | D:11     | HP: 14/74 [poisoned by a black mamba]
 16553 | Lair:1   | Reached skill level 12 in Fire Magic
 16675 | Lair:1   | Noticed Amaemon
 16705 | Lair:1   | Killed Amaemon
 17022 | Lair:1   | Reached skill level 14 in Conjurations
 17345 | Lair:1   | You are sucked into a shaft and drop 1 floor!
 17595 | Lair:2   | Reached skill level 8 in Dodging
 17652 | Lair:2   | Identified the +2 scale mail "Yntomuh" {Harm rCorr}
 17687 | Lair:2   | Identified the +5 scale mail of Lumasiel {Dex+3}
 17822 | Lair:2   | Found a staircase to the Shoals.
 17954 | Lair:2   | Identified the +0 scale mail "Ylabo" {-Cast Fly Regen+}
 18260 | Lair:2   | Noticed Erica
 18268 | Lair:2   | Reached skill level 8 in Fighting
 18268 | Lair:2   | Reached XP level 13. HP: 74/78 MP: 20/25
 18270 | Lair:2   | Paralysed by Erica for 3 turns
 18280 | Lair:2   | Reached skill level 10 in Fighting
 18280 | Lair:2   | Reached XP level 14. HP: 37/88 MP: 22/26
 18282 | Lair:2   | Paralysed by Erica for 4 turns
 18284 | Lair:2   | HP: 14/90 [naga/+0 flail (9)]
 18284 | Lair:2   | HP: 3/90 [yak (7)]
 18284 | Lair:2   | Slain by Erica

Vanquished Creatures
  2 boulder beetles (D:11)
  2 two-headed ogres
  6 death yaks
  Amaemon (Lair:1)
  An ugly thing (D:11)
  A manticore (D:11)
  2 black mambas
  5 cane toads
  An orange demon (Lair:1)
  A gargoyle (D:11)
  2 komodo dragons
  2 unseen horrors (D:11)
  5 trolls
  A polar bear (Lair:2)
  Grinder (D:3)
  A blink frog (Lair:2)
  24 yaks
  Sigmund (D:4)
  A basilisk (Lair:1)
  A vampire (D:11)
  3 wyverns
  2 steam dragons
  2 water moccasins
  4 orc warriors
  3 black bears
  An ice beast (D:8)
  A sky beast (D:6)
  4 wolves (Lair:2)
  7 centaurs
  Blork the orc (D:6)
  9 bullfrogs
  5 scorpions
  3 gnoll sergeants
  A necrophage (D:7)
  A wyvern zombie (D:6)
  11 wights
  9 killer bees
  5 electric eels (D:10)
  10 howler monkeys
  2 bullfrog zombies (D:6)
  3 centaur zombies (D:6)
  4 jellies
  5 orc priests
  A gnoll bouda (D:7)
  3 hounds
  2 iguanas
  3 orc wizards
  A howler monkey zombie (D:6)
  18 gnolls
  6 adders
  A shadow imp (D:6)
  2 worms
  3 dart slugs
  34 orcs
  4 bats
  8 endoplasms
  3 giant cockroaches
  10 goblins
  8 hobgoblins
  4 jackals (D:1)
  19 kobolds
  5 quokkas
  5 ball pythons
  2 frilled lizards
  6 rats
305 creatures vanquished.

Vanquished Creatures (collateral kills)
  A foxfire (Lair:1)
1 creature vanquished.

Vanquished Creatures (others)
  An orc warrior (D:10)
  2 wolves (Lair:2)
  904 foxfires
  2 fungi
  8 plants
917 creatures vanquished.

Grand Total: 1223 creatures vanquished

Table legend:
 A = Non-vault XP
 B = Vault XP
 C = Vault XP percentage of total XP
 D = Non-vault monster count
 E = Vault monster count
 F = Vault count percentage of total count
                 A         B        C        D         E       F
            +---------+---------+-------+---------+---------+-------
      Total |   24757 |    7721 |  23.8 |     252 |      55 |  17.9
            +---------+---------+-------+---------+---------+-------
        D:1 |      38 |       0 |   0.0 |      21 |       0 |   0.0
        D:2 |      37 |       3 |   7.5 |      14 |       2 |  12.5
        D:3 |     178 |     272 |  60.4 |      20 |       4 |  16.7
        D:4 |     109 |     214 |  66.3 |      16 |       1 |   5.9
        D:5 |     284 |       0 |   0.0 |       6 |       0 |   0.0
        D:6 |     960 |     435 |  31.2 |      22 |       8 |  26.7
        D:7 |    1782 |       0 |   0.0 |      23 |       0 |   0.0
        D:8 |    1293 |       0 |   0.0 |      27 |       0 |   0.0
        D:9 |    2014 |     148 |   6.8 |      16 |       6 |  27.3
       D:10 |    2531 |     822 |  24.5 |      25 |       5 |  16.7
       D:11 |    7090 |    4063 |  36.4 |      21 |       5 |  19.2
     Lair:1 |    4010 |    1193 |  22.9 |      17 |       2 |  10.5
     Lair:2 |    4431 |     230 |   4.9 |      24 |       2 |   7.7
     Bailey |       0 |     341 | 100.0 |       0 |      20 | 100.0
            +---------+---------+-------+---------+---------+-------

Illustrated notes

Table legend:
 A = Kills in this place as a percentage of kills in entire the game.
 B = Kills by you in this place as a percentage of kills by you in the entire game.
 C = Kills by friends in this place as a percentage of kills by friends in the entire game.
 D = Other kills in this place as a percentage of other kills in the entire game.
 E = Experience gained in this place as a percentage of experience gained in the entire game.
 F = Experience gained in this place divided by the number of levels of this place that you have seen.
                   A       B       C       D       E      F
               +-------+-------+-------+-------+-------+----------------------
         Total | 100.0 | 100.0 |   N/A | 100.0 | 100.0 | 2029.9
       Dungeon |  78.8 |  79.3 |   N/A |   0.0 |  68.6 | 2024.8
          Lair |  14.7 |  14.1 |   N/A | 100.0 |  30.4 | 4932.0
        Bailey |   6.5 |   6.6 |   N/A |   0.0 |   1.0 | 341.0
               +-------+-------+-------+-------+-------+----------------------

Table legend: (Time is in decaauts)
 A = Elapsed time spent in this place.
 B = Non-inter-level travel time spent in this place.
 C = Inter-level travel time spent in this place.
 D = Time resting spent in this place.
 E = Time spent auto-exploring this place.
 F = Levels seen in this place.
 G = Mean time per level.
                   A        B        C        D        E       F      G
               +--------+--------+--------+--------+--------+-----+--------+
         Total |  17540 |  16727 |    813 |   1960 |  11859 |  16 | 1096.2 |
       Dungeon |  15251 |  14458 |    793 |   1883 |  10255 |  11 | 1386.5 |
        Temple |     70 |     51 |     19 |      0 |     42 |   1 |   70.0 |
          Lair |   1789 |   1789 |      0 |     62 |   1357 |   2 |  894.5 |
  Orcish Mines |      1 |      1 |      0 |      0 |      0 |   1 |    1.0 |
        Bailey |    427 |    427 |      0 |     14 |    204 |   1 |  427.0 |
               +--------+--------+--------+--------+--------+-----+--------+

Top non-repeatable levels by time:
    D:11: 2368 daAuts
    D:10: 2260 daAuts
     D:3: 1644 daAuts
     D:6: 1605 daAuts
     D:8: 1437 daAuts
     D:7: 1306 daAuts
     D:1: 1240 daAuts
     D:9: 1209 daAuts
     D:4: 1002 daAuts
  Lair:2: 907 daAuts
  Lair:1: 881 daAuts
     D:5: 699 daAuts
     D:2: 475 daAuts
  Bailey: 427 daAuts
  Temple: 70 daAuts
